 Dungeon Crawl Stone Soup version 0.19-a0-816-geccf914 (webtiles) character file.

68 MrRokkomies the Grave Robber (level 4, -8/28 HPs)
             Began as a Vampire Necromancer on June 29, 2016.
             Mangled by Crazy Yiuf
             ... wielding a +3 quarterstaff of chaos
              (13 damage)
             ... on level 2 of the Dungeon.
             The game lasted 00:05:08 (1846 turns).

MrRokkomies the Grave Robber (Vampire Necromancer)  Turns: 1846, Time: 00:05:09

Health: -8/28      AC:  3    Str:  7    XL:     4   Next: 1%
Magic:  3/7        EV: 12    Int: 18    God:
Gold:   24         SH:  0    Dex: 14    Spells: 3 memorised, 2 levels left

rFire  + . .     SeeInvis +     k - +0 dagger
rCold  + . .     Gourm    .     i - +0 leather armour (curse)
rNeg   + + .     Faith    .     (no shield)
rPois  +         Spirit   .     (no helmet)
rElec  .         Dismiss  .     (no cloak)
rCorr  .         Reflect  .     (no gloves)
SustAt .         Harm     .     (no boots)
MR     .....                    (no amulet)
Stlth  ++........               (no ring)
                                (no ring)

@: very slightly contaminated, regenerating slowly, invisible, not resistant to
hostile enchantments, unstealthy
A: fangs 3, see invisible, blink, fire resistance 1, frail 1, unbreathing
a: Bat Form, Blink


You were on level 2 of the Dungeon.
You were thirsty.

You visited 1 branch of the dungeon, and saw 2 of its levels.

You collected 24 gold pieces.

Inventory:

Hand Weapons
 k - a +0 dagger (weapon)
Missiles
 n - 6 tomahawks (quivered)
Armour
 i - a cursed +0 leather armour (worn)
Jewellery
 m - an uncursed amulet of guardian spirit
Scrolls
 a - 3 scrolls of enchant armour {unknown}
 d - 2 scrolls of identify
 f - a scroll of magic mapping {unknown}
 g - a scroll of recharging {unknown}
 j - 2 scrolls of amnesia {unknown}
Potions
 c - a potion of blood
 e - 2 potions of curing
 h - a potion of lignification {unknown}
 l - a potion of invisibility {unknown}
Books
 b - a book of Necromancy

   Spells                             Type                      Level
   a - Pain                           Necromancy                   1
   b - Animate Skeleton               Necromancy                   1
   c - Vampiric Draining              Necromancy                   3
   d - Regeneration                   Charms/Necromancy            3
   e - Animate Dead                   Necromancy                   4
   f - Control Undead                 Necromancy                   4


   Skills:
 * Level 1.0 Fighting
 - Level 2.1 Dodging
 - Level 3.0 Stealth
 - Level 2.0 Spellcasting
 * Level 5.9 Necromancy


You had 2 spell levels left.
You knew the following spells:

 Your Spells              Type           Power        Failure   Level  Hunger
a - Pain                  Necr           ###.         2%          1    #......
b - Animate Skeleton      Necr           N/A          2%          1    #......
c - Vampiric Draining     Necr           ###.......   10%         3    ###....


Dungeon Overview and Level Annotations

Branches:
Dungeon (2/15)

Altars:

Annotations:
D:2 Crazy Yiuf


Innate Abilities, Weirdness & Mutations

You heal slowly.
You have razor-sharp teeth.
You have supernaturally acute eyesight. (SInv)
You can survive without breathing.
You can translocate small distances at will.
Your flesh is heat resistant. (rF+)
You are frail. (-10% HP)


Message History

You closely miss Crazy Yiuf.
Crazy Yiuf is moderately wounded.
Crazy Yiuf screams, "Earwax!"
Crazy Yiuf barely misses you.
You hit Crazy Yiuf but do no damage. You bite Crazy Yiuf, but do no damage.
Crazy Yiuf is moderately wounded.
Crazy Yiuf hits you with a quarterstaff of chaos!
You barely miss Crazy Yiuf.
Crazy Yiuf is moderately wounded.
Crazy Yiuf hits you with a quarterstaff of chaos!
* * * LOW HITPOINT WARNING * * *
Casting: Pain
Confirm with . or Enter, or press ? or * to list all spells.
Aiming: Vampiric Draining
Press: ? - help, Shift-Dir - straight line, f/p - Crazy Yiuf
Aim: Crazy Yiuf, wielding a quarterstaff of chaos and wearing a cloak (moderately wounded) Crazy Yiuf is severely wounded.
You feel life coursing into your body.
Crazy Yiuf hits you with a quarterstaff of chaos!
You die...

# #.# #.#
##...##......
# #.# #.#
#............
###.# #.#
#<...##.##...
)..## ###
###.###.##...
.#.# ##.#
#.##... .#.#
##### #..#
#.##... .#.#
#..)#
##.###.##...
.#.# #.g.#
#%...)......
.#.# #.@.#
#......###..
.#.# ##'##
#...##.# #..
.#.# 77.7
######.# #..
##.# 7.77
######.###..
##.# 77.7
#...........
##.# 7.77
##..........
##.# 77.77
##.###.###..
##.# 7.7P77
#..# #.# ##.
##.# 7.PPP7
#### #.####.


You could see Crazy Yiuf.

Vanquished Creatures
  2 adders (D:2)
  2 worms (D:2)
  4 dart slugs (D:2)
  A giant gecko (D:1)
  4 giant cockroaches
  3 goblins
  6 hobgoblins
  4 kobolds (D:1)
  A quokka (D:2)
  4 bats
  A giant newt (D:1)
  2 rats (D:2)
  A fungus (D:2)
35 creatures vanquished.

Notes
Turn   | Place    | Note
--------------------------------------------------------------
     0 | D:1      | MrRokkomies the Vampire Necromancer began the quest for the Orb.
     0 | D:1      | Reached XP level 1. HP: 13/13 MP: 3/3
   215 | D:1      | Reached XP level 2. HP: 17/20 MP: 1/5
   218 | D:1      | Learned a level 1 spell: Animate Skeleton
   438 | D:1      | Reached skill level 5 in Necromancy
   681 | D:2      | Reached XP level 3. HP: 20/25 MP: 2/6
   791 | D:2      | Learned a level 3 spell: Vampiric Draining
   793 | D:2      | Gained mutation: Your flesh is heat resistant. (rF+) [potion of mutation]
   793 | D:2      | Gained mutation: You can translocate small distances at will. [potion of mutation]
   793 | D:2      | Gained mutation: You are frail. (-10% HP) [potion of mutation]
  1623 | D:2      | Reached skill level 1 in Fighting
  1626 | D:2      | Reached XP level 4. HP: 24/28 MP: 1/7
  1834 | D:2      | Found a runed door.
  1838 | D:2      | Noticed Crazy Yiuf
  1845 | D:2      | HP: 1/28 [Crazy Yiuf/quarterstaff of chaos (10)]
  1846 | D:2      | Mangled by Crazy Yiuf

Vault maps used:
D:1:      minmay_arrival_plants_in_alcoves
D:2:      eino_curves_02, uniq_crazy_yiuf_cottage

Skill      XL: |  1  2  3 |
---------------+----------+-----
Necromancy     | 5 |  5.9
Fighting       | 1 |  1.0
Dodging        | |  2.1
Stealth        | |  3.0
Spellcasting   | |  2.0

Action                   |  1- 3 |  4- 6 || total
-------------------------+-------+-------++-------
Melee: Unarmed           |    11 |       ||    11
       Bite              |     4 |     6 ||    10
       Dagger            |    62 |    37 ||    99
 Cast: Pain              |    38 |     3 ||    41
       Vampiric Draining |       |     1 ||     1
  Use: Scroll            |     2 |       ||     2
       Potion            |     1 |       ||     1
 Stab: Sleeping          |     3 |       ||     3
  Eat: Corpse            |     1 |     1 ||     2
Armor: Robe              |     3 |       ||     3
       Leather armour    |    19 |     5 ||    24
Dodge: Dodged            |    49 |     8 ||    57
